cohdb
Replays
Latest Replays
All Replays
Popular Replays
Top Player Replays
Match Explorer
How It Works
Community
CoH3 Stats
Reddit
Sign in to upload your games and track your stats! →
Sign in with Steam
Match 36561810
Unlisted
Match 36561810
Overview
Messages
Build Orders
End
Kradschützen Motorcycle Team
Panzergrenadier Squad
250 Light Carrier
Construct Light Support Kompanie
Assault Grenadier Squad
Fire Support Elements
Selects Italian Infantry
Selects Guastatori Squad
Guastatori Squad
Guastatori Squad
Construct Panzerarmee Kommand
Selects Registered Artillery
Registered Artillery
Guastatori Squad
Panzer III L Medium Tank
Selects Towed Cannone da 105/28 Field Howitzer
Registered Artillery
Towed Cannone da 105/28 Field Howitzer
Selects Defensive Operations
Armored Reserves
Registered Artillery
Tiger Heavy Tank
Registered Artillery
Selects Prepared Positions
Flak 36 Anti-tank Gun Team
purehate
Arschhaare
Stridswombat
Bruistablet
0
0
Comments
sign in to comment!
No comments posted yet!